 Dungeon Crawl Stone Soup version 0.19.5 (webtiles) character file.

81 heyabaki the Ruffian (level 4, -11/44 HPs)
             Began as a Troll Berserker on May 3, 2017.
             Was a Believer of Trog.
             Killed by nerve-wracking pain
             ... invoked by an orc priest
              (14 damage)
             ... on level 3 of the Dungeon on May 4, 2017.
             The game lasted 00:10:56 (1824 turns).

heyabaki the Ruffian (Troll Berserker)              Turns: 1824, Time: 00:10:56

Health: -11/44     AC:  5    Str: 26    XL:     4   Next: 20%
Magic:  3/3        EV: 10    Int:  3    God:    Trog [**....]
Gold:   65         SH:  0    Dex:  9    Spells: 0 memorised, 3 levels left

rFire  . . .     SeeInvis .       - Unarmed
rCold  . . .     Gourm    +     a - +0 animal skin
rNeg   . . .     Faith    .     (no shield)
rPois  .         Spirit   .     (helmet restricted)
rElec  .         Reflect  .     (no cloak)
rCorr  .         Harm     .     (gloves unavailable)
MR     .....                    (boots unavailable)
Stlth  +.........               (no amulet)
                                (no ring)
                                (no ring)

@: no status effects
A: unfitting armour, claws 3, fast metabolism 3, gourmand, regeneration 1,
shaggy fur 1, tough skin 2
a: Berserk, Trog's Hand, Burn Spellbooks, Renounce Religion


You were on level 3 of the Dungeon.
You worshipped Trog.
Trog was pleased with you.
You were completely stuffed.

You visited 1 branch of the dungeon, and saw 3 of its levels.

You collected 65 gold pieces.

Inventory:

Armour
 a - a +0 animal skin (worn)
Jewellery
 e - an uncursed ring of protection from cold {unknown}
 h - an uncursed ring of magical power {unknown}
Scrolls
 d - a scroll of teleportation {unknown}
 f - a scroll of random uselessness {unknown}
 j - 3 scrolls of identify {unknown}
 k - a scroll of enchant armour {unknown}
 o - a scroll of magic mapping {unknown}
 p - a scroll of blinking {unknown}
Potions
 c - a potion of brilliance {unknown}
 i - 2 potions of curing {unknown}
 l - a potion of lignification {unknown}
 m - a potion of agility {unknown}
 q - a potion of ambrosia {unknown}
 r - a potion of degeneration {unknown}
Comestibles
 b - 5 bread rations
 g - 2 beef jerkies
 n - a meat ration


   Skills:
 + Level 2.8 Fighting
 + Level 3.1 Dodging
 + Level 4.0 Unarmed Combat


You had 3 spell levels left.
You didn't know any spells.

Dungeon Overview and Level Annotations

Branches:
Dungeon (3/15)

Altars:
Hepliaklqana


Innate Abilities, Weirdness & Mutations

You are too large for most types of armour.
You have claws for hands.
Your metabolism is lightning-fast.
You like to eat raw meat.
Your natural rate of healing is unusually fast.
You are covered in fur. (AC +1)
You have very tough skin. (AC +2)


Message History

You scratch the orc but do no damage. The orc hits you with a flail!
You closely miss the orc. The orc hits you with a flail!
You closely miss the orc. The orc barely misses you.
You completely miss the orc.
The orc priest looks encouraged for a moment.
You scratch the orc.
The orc is severely wounded.
The orc hits you with a flail.
You claw the orc!
You kill the orc!
Trog accepts your kill.
You barely miss the orc priest. The orc priest hits you with a mace!
You closely miss the orc priest.
The orc priest mumbles some strange prayers to Beogh against you.
Beogh smites you!
* * * LOW HITPOINT WARNING * * *
You closely miss the orc priest. The orc priest completely misses you.
The orc priest mumbles some strange prayers to Beogh against you.
Pain shoots through your body!
You die...

## ..# ..
.. ###. ..
...## .#
###......#
#.....#..#
#......#
#o# #@#
#.# ###


You could see an orc priest.

Vanquished Creatures
  An adder (D:2)
  An ooze (D:2)
  2 dart slugs (D:1)
  3 leopard geckos
  3 orcs (D:3)
  3 giant cockroaches
  6 goblins
  4 hobgoblins
  8 jackals (D:2)
  9 kobolds
  2 ball pythons (D:2)
  3 bats (D:2)
  5 frilled lizards
  3 rats
53 creatures vanquished.

Notes
Turn   | Place    | Note
-------+----------+-------------------------------------------
     0 | D:1      | heyabaki the Troll Berserker began the quest for the Orb.
     0 | D:1      | Reached XP level 1. HP: 22/22 MP: 0/0
    74 | D:1      | Reached XP level 2. HP: 29/29 MP: 1/1
   610 | D:1      | Reached XP level 3. HP: 36/36 MP: 2/2
   894 | D:2      | Reached ** piety under Trog
  1283 | D:2      | Found a hazy altar of Hepliaklqana.
  1592 | D:2      | Reached XP level 4. HP: 42/44 MP: 3/3
  1811 | D:3      | Reached skill level 4 in Unarmed Combat
  1822 | D:3      | HP: 2/44 [orc priest/divine providence (12)]
  1824 | D:3      | Killed from afar by an orc priest

Skill      XL: |  1  2  3  4 |
---------------+-------------+-----
Dodging        | 3 |  3.1
Unarmed Combat | 4 |  4.0
Fighting       | |  2.8

Action                   |  1- 3 |  4- 6 || total
-------------------------+-------+-------++-------
Melee: Unarmed           |   131 |    31 ||   162
       Punch             |     2 |       ||     2
  Eat: Chunk             |    17 |     5 ||    22
Armor: Animal skin       |    50 |     4 ||    54
Dodge: Dodged            |    85 |     8 ||    93
